Map: Arctic Dream LE

Players

Cthulhu - Winner!

  • Race: Terran Terran
  • Spawn Location: 5:00

Throwfordays - Winner!

  • Race: Protoss Protoss
  • League: Silver
  • Spawn Location: 6:00

Mcsmackahoe

  • Race: Terran Terran
  • Spawn Location: 11:00

Spartan

  • Race: Protoss Protoss
  • Spawn Location: 12:00

VOD

Have the link to the VOD?

Description

Time

  • Played on: July 19, 2020, 7:33 p.m.
  • Length: 23:02
Show
View Real Time Build Order
Export as new Build Order

Cthulhu Terran - Winner!

Build Orders: Command Center First (CC), Mech 

Get SALT Encoding   

  12  0:01  SCV  
  13  0:13  SCV  
  14  0:20  Supply Depot  
  14  0:28  SCV  
  15  0:42  SCV  
  16  0:59  Command Center  
  16  1:06  SCV  
  17  1:21  Supply Depot  
  17  1:29  SCV, Barracks  
  18  1:36  Refinery  
  18  1:43  Supply Depot  
  18  1:45  SCV  
  19  1:57  SCV  
  20  2:09  SCV  
  20  2:14  SCV  
  22  2:17  Refinery  
  22  2:18  Marine  
  24  2:24  Refinery, Orbital Command  
  23  2:36  Marine  
  24  2:37  Orbital Command  
  25  3:05  SCV x2  
  25  3:06  Marine  
  25  3:10  Command Center  
  27  3:17  Factory  
  27  3:27  Marine, SCV x2  
  30  3:41  Refinery  
  30  3:48  SCV x2  
  32  3:49  Marine  
  32  4:00  SCV  
  33  4:03  Hellion  
  33  4:06  Factory  
  35  4:10  Factory  
  35  4:11  Barracks Tech Lab  
  35  4:21  SCV x2  
  37  4:30  Orbital Command  
  37  4:32  Hellion  
  39  4:47  SCV x2  
  39  4:52  Combat Shield  
  41  4:53  Factory Tech Lab  
  41  4:54  Factory Tech Lab x2  
  41  4:56  SCV  
  42  5:01  SCV x2, Armory x2  
  44  5:11  SCV  
  44  5:12  Marine  
  44  5:13  SCV  
  47  5:15  Siege Tank x2  
  47  5:19  SCV  
  54  5:24  SCV  
  55  5:37  Engineering Bay  
  55  5:51  SCV  
  55  5:52  SCV, Siege Tank  
  60  5:59  Infernal Pre-Igniter  
  60  6:01  Command Center  
  60  6:03  Siege Tank x2  
  66  6:05  Terran Vehicle Weapons Level 1  
  66  6:08  Supply Depot  
  66  6:09  Command Center  
  66  6:10  Supply Depot  
  66  6:15  Sensor Tower  
  66  6:23  SCV x2  
  66  6:24  Marine  
  69  6:27  Refinery  
  69  6:28  Refinery  
  69  6:38  SCV x3  
  72  6:40  Siege Tank  
  72  6:41  Siege Tank  
  72  6:47  Terran Vehicle And Ship Armor Level 1  
  78  6:55  Marine, SCV x3  
  82  7:22  Orbital Command x2  
  82  7:24  Thor x2  
  94  7:35  Refinery  
  94  7:37  Refinery  
  94  8:00  Thor  
  94  8:03  Starport  
  100  8:06  SCV x3, Factory  
  100  8:07  SCV x2  
  105  8:14  Supply Depot x3  
  105  8:15  Supply Depot  
  105  8:16  Supply Depot  
  105  8:34  Missile Turret  
  105  8:36  Missile Turret  
  105  8:38  SCV x5, Missile Turret  
  110  8:42  Thor x2  
  110  8:43  Missile Turret  
  110  8:47  Smart Servos  
  122  8:50  Drilling Claws  
  122  8:56  Starport Tech Lab  
  122  8:58  Factory Tech Lab  
  122  9:01  Supply Depot x2  
  122  9:10  Terran Vehicle Weapons Level 2  
  122  9:11  Terran Vehicle And Ship Armor Level 2  
  122  9:12  SCV x5  
  122  9:13  Marine  
  122  9:14  Command Center  
  128  9:17  Supply Depot  
  128  9:25  Missile Turret x2  
  128  9:42  Thor x3  
  146  9:51  Widow Mine  
  148  9:57  Factory  
  148  10:07  Refinery  
  148  10:13  Refinery  
  148  10:15  Refinery, Widow Mine  
  148  10:20  Refinery  
  149  10:31  Thor x3  
  149  10:33  Raven  
  169  10:46  Orbital Command  
  167  11:13  Command Center  
  167  11:14  Refinery  
  167  11:16  Refinery  
  163  11:39  Widow Mine x3  
  173  11:40  Widow Mine x2  
  171  12:00  Widow Mine  
  171  12:01  Widow Mine x4  
  170  12:22  Widow Mine  
  169  12:35  Widow Mine  
  169  12:36  Widow Mine x2  
  168  13:50  Command Center  
  168  13:54  Command Center  
  168  13:57  Thor  
  168  13:58  Thor, Siege Tank x2  
  168  14:00  Raven  
  167  14:27  Factory Reactor  
  167  14:30  Terran Vehicle And Ship Armor Level 3, Siege Tank, Terran Vehicle Weapons Level 3  
  169  14:41  Siege Tank  
  169  14:44  Raven  
  173  14:50  Thor  
  173  15:01  Thor  
  173  15:02  Siege Tank  
  164  15:30  Siege Tank  
  164  15:31  Widow Mine  
  164  15:32  Widow Mine  
  164  15:33  Thor  
  164  15:34  SCV x3, Siege Tank  
  183  15:37  Orbital Command  
  183  15:43  Command Center  
  183  15:44  Thor  
  183  15:46  SCV  
  190  15:52  Command Center  
  190  15:53  Widow Mine x2  
  174  16:02  Siege Tank  
  163  16:06  Widow Mine  
  165  16:14  Widow Mine  
  154  17:46  Hellion  
  154  17:47  Hellion x5  
  166  18:07  Hellion  
  166  18:08  Hellion x5  
  178  18:29  Hellion  
  147  20:04  Thor, SCV x3  
  147  20:05  Thor, Siege Tank x2  
  147  20:06  Hellion x2  
  172  20:07  Raven  
  172  20:19  Orbital Command  
  170  20:23  Marine  
  170  20:27  Hellion  
  170  20:28  Hellion  
  175  20:37  Thor, Siege Tank  
  175  20:41  Marine  
  185  20:48  Hellion x2  
  185  20:49  Hellion  
  191  20:50  Raven  
  193  21:02  Command Center  
  191  21:06  Command Center  
  191  21:07  Command Center  
  183  21:27  Thor  
  183  21:28  Thor, Siege Tank  
  156  22:31  SCV x2  
Show
View Real Time Build Order
Export as new Build Order

Throwfordays Protoss - Winner!

Build Orders: Double Forge 

Get SALT Encoding   

  12  0:01  Probe  
  13  0:13  Probe  
  14  0:20  Pylon  
  14  0:25  Probe  
  15  0:39  Gateway  
  15  0:43  Probe  
  15  0:47  Assimilator  
  16  0:54  Pylon  
  16  0:56  Probe  
  17  1:08  Probe  
  18  1:15  Assimilator  
  18  1:20  Probe  
  19  1:27  Cybernetics Core  
  19  1:32  Probe  
  20  1:43  Warp Gate  
  20  1:54  Nexus  
  20  1:57  Probe  
  21  2:08  Adept  
  23  2:29  Probe  
  24  2:41  Probe  
  24  2:42  Adept  
  27  2:50  Twilight Council  
  27  2:52  Robotics Facility  
  27  3:00  Probe  
  27  3:02  Probe  
  28  3:10  Probe  
  28  3:12  Probe  
  30  3:17  Gateway  
  31  3:20  Charge  
  31  3:26  Gateway  
  31  3:34  Probe  
  31  3:36  Probe  
  33  3:46  Probe  
  34  3:48  Probe  
  34  3:52  Adept  
  37  4:01  Shield Battery  
  37  4:08  Gateway  
  37  4:13  Adept  
  37  4:14  Adept  
  41  4:21  Adept  
  43  4:27  Forge  
  43  4:29  Forge, Probe  
  43  4:30  Probe  
  45  4:51  Templar Archives  
  45  4:53  Gateway  
  45  4:56  Gateway, Probe  
  46  5:02  Assimilator  
  46  5:05  Pylon  
  46  5:17  Protoss Ground Weapons Level 1  
  46  5:18  Pylon, Protoss Ground Armor Level 1  
  46  5:23  Probe x2  
  46  5:24  Pylon  
  46  5:25  Resonating Glaives  
  46  5:26  Psionic Storm  
  48  5:35  Probe x2  
  50  5:42  Observer  
  51  5:47  Probe  
  52  5:50  Probe  
  52  5:54  Assimilator  
  53  6:02  Probe  
  54  6:10  Nexus  
  54  6:13  Pylon  
  54  6:14  Probe, Warp Prism  
  57  6:18  Assimilator  
  57  6:20  Probe  
  57  6:23  Assimilator  
  58  6:28  Probe  
  58  6:31  Observer  
  59  6:38  Probe  
  60  6:57  Observer  
  60  7:01  High Templar x3  
  67  7:09  Probe  
  67  7:13  Probe  
  69  7:25  Probe  
  69  7:26  High Templar x2  
  69  7:29  Probe  
  75  7:37  Probe x2  
  77  7:46  Stargate x2, Probe  
  78  7:59  Zealot x4  
  78  8:00  Zealot x2  
  78  8:04  Protoss Ground Weapons Level 2  
  90  8:05  Protoss Ground Armor Level 2  
  90  8:11  Probe  
  91  8:13  Probe  
  91  8:16  Probe  
  93  8:28  Pylon  
  93  8:30  Pylon  
  93  8:33  Pylon x2  
  93  8:35  Pylon  
  93  8:37  Pylon  
  93  8:39  Pylon  
  93  8:46  Probe x3  
  96  8:56  Fleet Beacon  
  96  8:58  Probe x3  
  96  8:59  Stargate  
  96  9:01  Stargate  
  96  9:02  Nexus  
  99  9:04  Assimilator  
  99  9:09  Assimilator  
  99  9:12  Pylon  
  99  9:15  Probe  
  100  9:26  High Templar  
  100  9:27  High Templar x3, Probe  
  100  9:28  Zealot  
  100  9:29  Zealot  
  113  9:37  Protoss Air Weapons Level 1  
  113  9:39  Probe  
  109  9:49  Tempest x2  
  109  9:51  Probe  
  120  9:53  Observer  
  120  9:59  Photon Cannon  
  121  10:03  Photon Cannon  
  121  10:11  Photon Cannon  
  121  10:14  Photon Cannon  
  121  10:15  Observer  
  121  10:22  Zealot x5  
  121  10:23  Zealot  
  133  10:41  Protoss Shields Level 1  
  133  10:45  Photon Cannon  
  133  10:49  Photon Cannon  
  102  11:40  Stalker x3  
  102  11:41  Stalker  
  102  11:42  Stalker x2  
  109  11:49  Pylon  
  109  11:50  Blink  
  109  11:51  Tempest  
  109  11:53  Pylon  
  97  11:55  Tempest x3, Pylon  
  87  12:10  Fleet Beacon  
  87  12:17  Cybernetics Core  
  87  12:19  Stalker  
  87  12:20  Stalker  
  87  12:22  Stalker x2  
  95  12:26  Probe  
  95  12:28  Protoss Air Armor Level 1  
  96  12:31  Assimilator, Probe  
  93  12:38  Probe  
  93  12:39  Probe  
  75  12:50  Probe  
  75  13:14  Probe  
  75  13:15  Pylon  
  75  13:16  Pylon  
  76  13:23  Probe  
  77  13:32  Probe  
  77  13:33  Tempest  
  77  13:34  Tempest  
  88  13:44  Probe  
  81  13:56  Probe  
  82  14:10  Tempest x2  
  82  14:12  Probe  
  93  14:44  Nexus  
  93  14:46  Pylon  
  93  15:04  Tempest  
  98  15:37  Observer  
  98  15:40  Tempest  
  99  15:55  Tempest  
  93  16:40  Probe  
  92  16:48  Probe  
  92  16:49  Tempest x4  
  113  16:57  Probe  
  113  16:58  Protoss Shields Level 2  
  114  17:01  Probe  
  114  17:05  Assimilator  
  115  17:09  Assimilator  
  115  17:10  Probe x2  
  115  17:13  Protoss Air Weapons Level 2  
  115  17:14  Protoss Air Armor Level 2  
  117  19:25  Probe x3  
  115  19:38  Probe x2  
  112  19:50  Probe  
  112  20:02  Probe  
  83  20:37  Pylon  
  83  20:38  Pylon  
  83  20:40  Pylon  
  83  20:42  Pylon  
  83  20:45  Pylon, Stalker  
  42  21:14  Stalker  
  42  21:15  Stalker  
  42  21:16  Void Ray x3  
  42  21:17  Void Ray  
  52  21:46  Shield Battery  
  48  21:48  Shield Battery  
  48  21:50  Shield Battery  
  39  22:33  Pylon x2  
Show
View Real Time Build Order
Export as new Build Order

Mcsmackahoe Terran 

Build Orders:  

Get SALT Encoding   

  12  0:01  SCV  
  13  0:13  SCV  
  14  0:25  SCV  
  14  0:26  Supply Depot  
  15  0:47  SCV  
  16  0:52  Barracks  
  16  0:59  SCV  
  17  1:12  SCV  
  18  1:20  Command Center  
  18  1:24  SCV  
  19  1:36  SCV  
  20  1:45  Bunker  
  20  1:46  Marine  
  21  1:48  SCV  
  22  1:58  Refinery  
  22  2:00  Orbital Command  
  22  2:04  Marine  
  23  2:17  Supply Depot  
  23  2:32  Engineering Bay  
  23  2:33  Marine  
  24  2:39  SCV  
  25  2:44  SCV  
  25  2:51  Marine, SCV  
  27  2:53  Refinery  
  27  2:56  SCV  
  29  3:03  SCV  
  30  3:08  SCV  
  31  3:15  SCV  
  31  3:18  Missile Turret  
  31  3:19  Missile Turret  
  32  3:21  SCV  
  33  3:33  SCV  
  34  3:38  SCV  
  35  3:41  Missile Turret  
  35  3:45  SCV  
  36  3:49  Marine  
  36  3:50  Missile Turret  
  36  3:51  SCV  
  38  4:00  Factory  
  38  4:02  SCV  
  39  4:03  SCV  
  40  4:10  Supply Depot  
  40  4:11  Marine  
  40  4:14  SCV  
  40  4:16  SCV  
  43  4:26  SCV  
  43  4:28  SCV  
  43  4:29  Marine  
  46  4:33  Refinery, Supply Depot  
  46  4:35  Refinery  
  47  4:38  SCV  
  47  4:40  SCV  
  48  4:46  Starport  
  48  4:47  Marine  
  48  4:49  Command Center  
  48  4:50  SCV  
  48  4:51  Starport  
  50  4:53  Factory Reactor  
  50  4:57  Supply Depot  
  50  5:05  Marine  
  51  5:09  SCV  
  52  5:19  SCV  
  52  5:21  SCV  
  54  5:31  SCV  
  54  5:32  Starport Tech Lab x2  
  54  5:33  SCV  
  56  5:43  SCV  
  56  5:45  SCV, Missile Turret x2  
  58  5:56  Widow Mine  
  58  5:57  Widow Mine  
  62  6:06  Fusion Core  
  62  6:07  SCV  
  62  6:08  Missile Turret  
  62  6:09  SCV  
  62  6:10  SCV  
  65  6:15  Refinery  
  65  6:18  Marine, Refinery, Widow Mine x2  
  70  6:19  SCV  
  70  6:21  SCV  
  70  6:22  SCV  
  73  6:33  SCV  
  73  6:34  SCV  
  73  6:39  Widow Mine x2, Starport  
  79  6:49  Supply Depot  
  79  6:50  Supply Depot  
  79  6:56  Battlecruiser  
  85  7:04  Armory  
  85  7:05  Armory  
  85  7:11  SCV, Battlecruiser  
  85  7:12  Supply Depot, Widow Mine x2  
  96  7:23  SCV  
  96  7:25  Starport Tech Lab  
  96  7:28  Weapon Refit  
  97  7:33  Widow Mine x2  
  97  7:35  SCV  
  102  7:54  Battlecruiser  
  102  7:57  Terran Vehicle And Ship Armor Level 1, Terran Ship Weapons Level 1  
  108  8:17  Supply Depot x2  
  108  8:33  Planetary Fortress  
  108  8:38  Orbital Command, Battlecruiser  
  108  8:39  Widow Mine x2, Battlecruiser  
  108  8:40  Supply Depot  
  108  8:41  Supply Depot  
  124  8:54  Supply Depot  
  124  8:55  Supply Depot  
  124  9:02  Widow Mine x2  
  134  9:03  Battlecruiser  
  134  9:07  Supply Depot  
  134  9:09  Supply Depot  
  134  9:18  Supply Depot  
  134  9:20  Supply Depot  
  134  9:24  Widow Mine x2  
  138  9:32  Supply Depot  
  138  9:43  Battlecruiser x2  
  138  9:45  Widow Mine x2  
  160  10:07  Battlecruiser  
  160  10:09  Terran Ship Weapons Level 2  
  160  10:10  Terran Vehicle And Ship Armor Level 2  
  160  10:13  Command Center  
  152  11:54  Battlecruiser  
  152  11:55  Battlecruiser x2  
  164  12:38  Terran Vehicle And Ship Armor Level 3, Terran Ship Weapons Level 3  
  164  12:51  Planetary Fortress  
  164  12:59  Battlecruiser x3  
  182  13:13  Refinery  
  182  13:17  Refinery  
  152  14:08  Viking x3  
  122  14:38  Viking x3  
  116  15:15  Starport Reactor  
  116  15:17  Starport Reactor x2  
  94  15:59  Viking x6  
  104  16:07  Widow Mine x2  
  100  16:29  Viking x6, Widow Mine x2  
  108  16:50  Widow Mine x2  
  108  16:52  Command Center  
  112  16:59  Viking x6  
  124  17:11  Widow Mine x2  
  124  17:14  Refinery  
  128  17:18  Refinery  
  128  17:29  Viking x6  
  140  17:38  Supply Depot x2  
  140  17:58  Viking  
  140  17:59  Viking x5  
  140  18:01  Supply Depot  
  140  18:02  Supply Depot  
  148  18:25  Supply Depot  
  146  18:28  Viking  
  146  18:29  Viking x5  
  152  18:58  Viking  
  152  18:59  Viking x5  
  155  19:28  Viking x2  
  155  19:29  Viking  
  124  20:08  Viking x6  
  121  20:36  Widow Mine x2  
  121  20:37  Viking  
  121  20:38  Viking x5  
  121  20:57  Widow Mine x2  
  111  21:07  Viking  
  111  21:08  Viking x5  
  123  21:19  Widow Mine  
  119  21:37  Viking  
  119  21:38  Viking x5  
  64  22:07  Viking  
  64  22:08  Viking x3  
  64  22:30  Widow Mine  
  64  22:34  Widow Mine  
Show
View Real Time Build Order
Export as new Build Order

Spartan Protoss 

Build Orders:  

Get SALT Encoding   

  12  0:01  Probe  
  13  0:13  Probe  
  14  0:22  Pylon, Probe  
  15  0:37  Probe  
  15  0:41  Gateway  
  16  0:49  Probe  
  17  1:01  Probe  
  18  1:04  Gateway  
  18  1:11  Assimilator  
  18  1:13  Probe  
  19  1:21  Pylon  
  19  1:25  Probe  
  20  1:36  Cybernetics Core  
  20  1:37  Probe  
  21  1:45  Assimilator, Probe  
  21  1:50  Zealot  
  24  1:58  Probe  
  25  2:03  Pylon  
  25  2:11  Probe  
  26  2:21  Warp Gate  
  26  2:26  Forge  
  27  2:30  Adept  
  27  2:31  Adept  
  27  2:32  Probe  
  30  2:40  Probe  
  31  2:57  Probe  
  32  3:04  Twilight Council  
  32  3:05  Adept x2  
  35  3:13  Photon Cannon  
  35  3:19  Probe  
  36  3:21  Photon Cannon  
  36  3:34  Robotics Facility  
  36  3:35  Probe  
  37  4:00  Probe  
  38  4:03  Protoss Ground Weapons Level 1  
  38  4:06  Charge  
  38  4:07  Pylon  
  38  4:14  Observer  
  38  4:16  Pylon  
  39  4:28  Nexus  
  39  4:29  Probe  
  40  4:33  Zealot  
  42  4:40  Pylon, Observer  
  43  4:50  Photon Cannon  
  43  5:03  Photon Cannon  
  43  5:07  Stalker  
  43  5:09  Stalker  
  47  5:17  Observer  
  48  5:26  Probe  
  48  5:34  Probe  
  50  5:43  Probe  
  50  5:45  Probe  
  50  5:46  Gateway  
  50  5:48  Gateway  
  52  5:53  Probe  
  52  6:03  Probe  
  53  6:05  Assimilator  
  54  6:15  Forge, Probe  
  55  6:21  Zealot  
  55  6:22  Zealot  
  59  6:27  Probe  
  60  6:35  Probe  
  60  6:39  Probe  
  62  6:41  Blink  
  62  6:50  Stalker x2  
  62  6:51  Stalker x2, Probe  
  71  7:02  Assimilator, Observer  
  71  7:13  Probe  
  71  7:14  Protoss Ground Weapons Level 2  
  72  7:20  Observer, Protoss Shields Level 1  
  72  7:21  Probe  
  73  7:26  Probe  
  76  7:31  Probe  
  77  7:39  Probe  
  77  7:40  Nexus  
  78  7:47  Pylon  
  78  7:48  Pylon  
  78  7:52  Pylon  
  78  8:06  Assimilator  
  78  8:08  Forge, Immortal  
  78  8:10  Assimilator  
  78  8:12  Stalker x4  
  90  8:23  Photon Cannon  
  90  8:43  Protoss Ground Armor Level 1  
  90  8:47  Observer  
  91  8:49  Probe  
  92  8:57  Probe  
  92  8:59  Resonating Glaives  
  93  9:03  Stalker  
  93  9:04  Stalker  
  93  9:07  Probe  
  93  9:09  Photon Cannon  
  98  9:12  Observer  
  99  9:19  Probe  
  99  9:23  Photon Cannon  
  100  9:27  Observer  
  100  9:31  Gateway, Probe  
  101  9:43  Probe  
  102  9:56  Probe  
  102  9:59  Protoss Ground Weapons Level 3  
  103  10:02  Protoss Shields Level 2  
  103  10:06  Dark Shrine  
  103  10:08  Probe  
  104  10:20  Probe  
  105  10:23  Pylon  
  104  10:46  Stalker x2  
  104  10:47  Stalker x3  
  114  10:58  Gateway  
  114  10:59  Gateway  
  114  11:01  Gateway  
  114  11:21  Dark Templar x4  
  114  11:22  Dark Templar  
  120  11:46  Gateway  
  114  11:48  Gateway  
  103  12:19  Stalker x5  
  103  12:20  Stalker x3  
  119  12:30  Photon Cannon  
  119  12:31  Immortal  
  123  12:38  Photon Cannon  
  79  13:48  Dark Templar x3  
  79  13:49  Dark Templar x2  
  79  13:50  Stalker x3  
  79  13:51  Stalker x2  
  85  14:24  Zealot  
  85  14:25  Zealot x5  
  85  14:26  Zealot x3  
  85  14:27  Zealot  
  65  15:06  Dark Templar x2  
  59  15:19  Dark Templar x2  
  58  15:25  Stalker x4  
  58  15:26  Stalker x2  
  66  15:40  Dark Templar x2  
  66  16:05  Stalker x5  
  66  16:06  Stalker x2  
  66  16:07  Stalker  
  74  16:31  Nexus  
  74  16:34  Stalker  
  74  16:35  Stalker x5  
  74  16:36  Stalker  
  88  17:05  Pylon  
  88  17:17  Templar Archives  
  86  17:28  Observer  
  86  17:30  Zealot x4  
  86  17:31  Zealot x4  
  102  17:42  Photon Cannon  
  102  17:54  High Templar x4  
  102  17:55  High Templar x3  
  116  17:59  Archon  
  116  18:00  Archon x2  
  116  18:05  Pylon  
  114  18:22  Dark Templar  
  116  18:27  Stalker x4  
  102  19:09  Pylon  
  96  19:11  Pylon  
  79  20:05  Observer  
  47  22:11  Dark Templar  
Tags
 
Add a new tag
Caveats
  • Supply blocks, unpowered buildings, or Contaminate may cause inaccurate times.
  • Supply counts are checked every 10 seconds.